 Dungeon Crawl Stone Soup version 0.28.0-53-g5a82cb258f (webtiles) character file.

Game seed: 4759128985205040811

72 LustLizard the Chucker (level 4, -8/42 HPs)
             Began as a Troll Hunter on Aug 4, 2022.
             Mangled by a wight
             ... wielding a +5 great sword of freezing
              (12 damage)
             ... on level 2 of the Dungeon.
             The game lasted 00:04:11 (1908 turns).

LustLizard the Chucker (Troll Hunter)               Turns: 1908, Time: 00:04:11

Health: -8/42      AC:  4    Str: 22    XL:     4   Next: 6%
Magic:  3/3        EV:  9    Int:  7    God:
Gold:   71         SH:  0    Dex: 10    Spells: 3/3 levels left

rFire   . . .      SeeInvis .     - Unarmed
rCold   . . .      Faith    .   (no shield)
rNeg    . . .      Spirit   .   l - +0 robe {Will+}
rPois   .          Reflect  .   (helmet restricted)
rElec   .          Harm     .   (no cloak)
rCorr   .          Rampage  .   (gloves unavailable)
Will    +....                   (boots unavailable)
Stlth   +.........              (no amulet)
HPRegen 0.94/turn               (no ring)
MPRegen 0.08/turn               (no ring)

@: no status effects
A: large, unfitting armour, claws 3, regeneration 1, shaggy fur 1, tough skin 1
a: no special abilities


You were on level 2 of the Dungeon.
You visited 1 branch of the dungeon, and saw 3 of its levels.

You collected 71 gold pieces.

Inventory:

Hand Weapons
 a - a +0 short sword
Missiles
 c - 5 large rocks (quivered)
 d - 2 throwing nets
 j - 3 poisoned darts
Armour
 b - a +0 robe
 l - a +0 robe of willpower (worn)
Jewellery
 f - a ring of fire
 m - a +6 ring of dexterity
Scrolls
 e - 2 scrolls of identify {unknown}
 h - a scroll of teleportation {unknown}
 k - a scroll of fear {unknown}
 n - a scroll of brand weapon {unknown}
Potions
 g - a potion of haste {unknown}
 i - a potion of lignification {unknown}


   Skills:
 + Level 2.0 Fighting
 * Level 4.2 Throwing
 - Level 1.5 Dodging
 - Level 0.3 Stealth
 * Level 2.2 Unarmed Combat


You had 3 spell levels left.
You didn't know any spells.
Your spell library contained the following spells:

 Spells                   Type           Power      Damage    Failure   Level
 Slow                     Hex            0%         N/A       43%         1
 Confusing Touch          Hex            0%         N/A       80%         3
 Vampiric Draining        Necr           0%         2d6       80%         3


Dungeon Overview and Level Annotations

Branches:
Dungeon (3/15)

Altars:
Zin


Innate Abilities, Weirdness & Mutations

You are too large for most types of armour.
You have claws for hands.
Your natural rate of healing is unusually fast.
You are covered in fur. (AC +1)
You have tough skin. (AC +1)


Message History

You kill the kobold!
A hobgoblin comes into view.
You barely miss the rat.
A wight comes into view.
It is wielding a +5 great sword of freezing.
The rat bites you.
You barely miss the rat. The rat bites you.
You scratch the rat.
The rat is heavily wounded.
You claw the rat!
You kill the rat!
You scratch the endoplasm.
The endoplasm is heavily wounded.
The endoplasm barely misses you.
You scratch the endoplasm but do no damage.
The endoplasm is heavily wounded.
The endoplasm closely misses you.
You scratch the endoplasm.
You kill the endoplasm!
The hobgoblin hits you.
You claw the hobgoblin!
You kill the hobgoblin!
A wight comes into view. It is wielding a +0 hand axe.
You closely miss the wight.
The wight hits you with a +5 great sword of freezing!!
The wight freezes you! The wight barely misses you.
There is a stone staircase leading up here.
The wight closely misses you.
You climb upwards.
There is a stone staircase leading down here.
You claw the wight!
The wight is heavily damaged.
The wight hits you with a +5 great sword of freezing!!
* * * LOW HITPOINT WARNING * * *
The wight freezes you.
* * * LOW HITPOINT WARNING * * *
You closely miss the wight.
The wight is heavily damaged.
The wight hits you with a +5 great sword of freezing!
You die...

.###......##.##......#..# #.####.
...#......##.##......#..# #.#..##
...#.........##......#..###...##.
...##.....#####.######..##...##.#
...##.....# ##.### #.....).....
..........####....# ##..........
..................# #############
..................###.....#######
..........._....@.##.............
####.............z##..>...#######
#..............##......# ####
#.#####..##....##......# #...
#.#####.###....##......# #...
####......................# #...
...###########....###.....# #...
......#########.#.....##### #...
...##.#...............# #...


You could see a wight.

Vanquished Creatures
  A gnoll (D:1)
  An ufetubus (D:2)
  A worm (D:2)
  An orc (D:2)
  4 endoplasms
  A giant cockroach (D:2)
  4 goblins
  9 hobgoblins
  5 kobolds
  5 quokkas (D:2)
  4 ball pythons (D:1)
  2 bats
  9 frilled lizards
  4 rats
51 creatures vanquished.

Notes
Turn   | Place    | Note
-------+----------+-------------------------------------------
     0 | D:1      | LustLizard the Troll Hunter began the quest for the Orb.
     0 | D:1      | Reached XP level 1. HP: 19/19 MP: 0/0
   186 | D:1      | Reached XP level 2. HP: 28/28 MP: 1/1
   224 | D:1      | Reached skill level 1 in Unarmed Combat
   429 | D:1      | Reached skill level 4 in Throwing
   572 | D:1      | Reached XP level 3. HP: 34/35 MP: 2/2
   939 | D:2      | Found a glowing silver altar of Zin.
  1881 | D:3      | Reached XP level 4. HP: 42/42 MP: 3/3
  1908 | D:2      | Mangled by a wight

Illustrated notes

Levels and vault maps discovered:
D:1:      dpeg_arrival_round_a, layout_basic, chequers_serial_rivers_micro_a,
          minmay_lizard_pond
D:2:      layout_basic, basic_altar, minmay_misc_feat_square
D:3:      layout_loops_ring, kennysheep_donut

Skill      XL: |  1  2  3 |
---------------+----------+-----
Unarmed Combat | 1 2 |  2.2
Throwing       | 4 |  4.2
Fighting       | 2 |  2.0
Dodging        | |  1.5
Stealth        | |  0.3

Action                   |  1- 3 |  4- 6 || total
-------------------------+-------+-------++-------
Melee: Unarmed           |   132 |    12 ||   144
       Punch             |     2 |       ||     2
 Stab: Sleeping          |     1 |       ||     1
Armor: Robe              |    50 |       ||    50
Dodge: Dodged            |    71 |     4 ||    75
